 Dungeon Crawl Stone Soup version 0.28-a0-1143-gcf6077d4cc (webtiles) character file.

Game seed: 12737085656412498414

7723 tilp the Frost Mage (level 11, 43/43 HPs)
             Began as a Felid Ice Elementalist on Dec 13, 2021.
             Was an Elder of Ru.
             Quit the game on level 3 of the Lair of Beasts.
             The game lasted 00:41:22 (21897 turns).

tilp the Frost Mage (Felid Ice Elementalist)       Turns: 21897, Time: 00:41:23

Health: 43/43      AC:  3    Str:  4    XL:     11   Next: 0%
Magic:  24/24      EV: 24    Int: 21    God:    Ru [****..]
Gold:   2034       SH:  0    Dex: 23    Spells: 12/26 levels left
                                        Lives:  0   Deaths: 3

rFire   . . .      SeeInvis +     - Unarmed
rCold   + + .      Faith    .   (shield unavailable)
rNeg    . . .      Spirit   .   (armour unavailable)
rPois   .          Reflect  .   (helmet unavailable)
rElec   .          Harm     .   (cloak unavailable)
rCorr   .          Rampage  .   (gloves unavailable)
Will    +....                   (boots unavailable)
Stlth   ++++......              q - amulet of regeneration
HPRegen 0.94/turn               v - +6 ring of dexterity
MPRegen 0.19/turn               m - ring of protection from cold

@: quick
A: very small, claws 1, fangs 3, see invisible, speed 1, frail 1, shaggy fur 3,
inability to use devices, stealthy paws, no weapons or thrown items, no armour,
multi-lived
a: Renounce Religion, Draw Out Power, Power Leap


You were on level 3 of the Lair of Beasts.
You worshipped Ru.
Ru was greatly pleased with you.
You visited 3 branches of the dungeon, and saw 15 of its levels.
You also visited: Ossuary.

You collected 2271 gold pieces.
You spent 237 gold pieces at shops.

Inventory:

Jewellery
 h - a ring of fire
 i - a +6 ring of strength
 m - a ring of protection from cold (right paw)
 o - an amulet of reflection
 q - an amulet of regeneration (around neck)
 t - a ring of fire
 v - a +6 ring of dexterity (left paw)
Scrolls
 j - 2 scrolls of teleportation
 k - 3 scrolls of fog
 l - 3 scrolls of identify
 n - 4 scrolls of fear
 p - 3 scrolls of amnesia
 w - a scroll of blinking
Potions
 a - 6 potions of mutation
 b - 3 potions of might
 c - a potion of magic
 d - 2 potions of cancellation
 e - 2 potions of haste
 f - 4 potions of curing
 g - a potion of lignification
 r - 5 potions of brilliance
 s - 3 potions of ambrosia
 u - 3 potions of attraction


   Skills:
 - Level 6.0 Fighting
 - Level 8.0 Dodging
 - Level 8.0 Stealth
 - Level 8.0 Unarmed Combat
 - Level 8.0 Spellcasting
 + Level 11.2 Conjurations
 - Level 2.0 Fire Magic
 + Level 11.2 Ice Magic


You had 12 spell levels left.
You knew the following spells:

 Your Spells              Type           Power      Damage    Failure   Level
a - Freeze                Ice            100%       1d11      1%          1
b - Frozen Ramparts       Ice            100%       1d12      1%          3
c - Ozocubu's Armour      Ice            54%        N/A       1%          3
d - Hailstorm             Conj/Ice       54%        3d12      1%          4
e - Conjure Flame         Conj/Fire      36%        6-21      1%          3

Your spell library contained the following spells:

 Spells                   Type           Power      Damage    Failure   Level
 Static Discharge         Conj/Air       32%        N/A       1%          2
 Sticky Flame             Conj/Fire      36%        2d6       5%          4
 Pain                     Necr           32%        1d5       8%          1
 Ignite Poison            Fire/Tmut/Pois 11%        N/A       19%         3
 Call Canine Familiar     Summ           8%         N/A       24%         3
 Dispel Undead            Necr           8%         3d8       61%         4
 Leda's Liquefaction      Hex/Erth       4%         N/A       61%         4
 Agony                    Necr           8%         N/A       91%         5
 Malign Gateway           Summ/Tloc      4%         N/A       100%        7
 Summon Horrible Things   Summ           4%         N/A       100%        8
 Portal Projectile        Hex/Tloc       Unusable   N/A       N/A         3
 Excruciating Wounds      Necr           Unusable   N/A       N/A         5

Dungeon Overview and Level Annotations

Branches:
Dungeon (11/15)            Temple (1/1) D:6            Lair (3/6) D:10
    Orc (0/2) D:11        Ossuary (visited)
  Swamp: Lair:2-4    Shoals: Lair:2-4     Snake: Lair:2-4    Spider: Lair:2-4

Altars:
Ashenzari
Cheibriados
Dithmenos
Elyvilon
Fedhas
Gozag
Hepliaklqana
Kikubaaqudgha
Makhleb
Nemelex Xobeh
Okawaru
Qazlal
Ru
Sif Muna
Trog
Uskayaw
Vehumet
Wu Jian
Xom
Yredelemnul
Zin
The Shining One

Shops:
D:5 **[(   D:11 (

Annotations:
D:5 dig vault (spellbooks)
D:8 exclusion: cyclops, Harold, Joseph
D:9 exclusion: two-headed ogre
D:11 exclusion: 3 yaks, Gastronok
Lair:1 Fannar


Innate Abilities, Weirdness & Mutations

You have sharp claws.
You have razor-sharp teeth.
You have supernaturally acute eyesight. (SInv)
You cover ground quickly. (Speed+)
You are frail. (-10% HP)
Your thick and shaggy fur keeps you warm. (AC +3, rC+)
You cannot study or use magical devices.
Your paws help you pounce on unaware monsters.
You are incapable of wielding weapons or throwing items.
You cannot wear armour.
You gain extra lives every three experience levels.


Message History

The six-headed hydra bites you but does no damage.
The six-headed hydra bites you! The six-headed hydra bites you.
The six-headed hydra completely misses you. x2
The six-headed hydra misses you.
Casting: Frozen Ramparts (safe; 1% risk of failure)
Confirm with . or Enter, or press ? or * to list all spells.
A film of ice covers your body!
The wall freezes the six-headed hydra.
The six-headed hydra bites you but does no damage.
The six-headed hydra bites you.
The six-headed hydra bites you but does no damage.
The six-headed hydra bites you!
* * * LOW HITPOINT WARNING * * *
The six-headed hydra bites you but does no damage.
The six-headed hydra completely misses you.
Unknown command.
You scratch the six-headed hydra but do no damage.
Your bite misses the six-headed hydra.
The six-headed hydra is heavily wounded.
The wall freezes the six-headed hydra!
The six-headed hydra bites you but does no damage. x2
The six-headed hydra completely misses you.
The six-headed hydra closely misses you.
The six-headed hydra completely misses you.
The six-headed hydra bites you!
* * * LOW HITPOINT WARNING * * *
Unknown command.
You barely miss the six-headed hydra.
The six-headed hydra is severely wounded.
The wall freezes the six-headed hydra!
The six-headed hydra barely misses you. The six-headed hydra bites you!
You die...
The six-headed hydra closely misses you.
The six-headed hydra completely misses you.
The six-headed hydra bites you but does no damage.
The six-headed hydra closely misses you.
You are now level 11!
You rejoin the land of the living...
Unknown command.
Unknown command.
Are you sure you want to abandon this character and quit the game? (Confirm with "yes".)

##......... #........P
#........# ## #........#
.# #........# ..#
##.##†.### ##.## ####†##
# ##...# ##P.#
..####.@..# #...#
..........# #####.## ##
..........####....'####.
...........##P.........#
...........##..........#
..........+.............
..........#............+
..........#............#
...........#.'.......†.#


There were no monsters in sight!

Vanquished Creatures
  4 hydras
  Erica (D:8)
  A two-headed ogre (shapeshifter) (D:10)
  A two-headed ogre (D:11)
  Nergalle (Lair:1)
  A wizard (D:10)
  Pikel (D:5)
  A manticore (D:11)
  3 black mambas
  An unseen horror (D:11)
  Maggie (Lair:1)
  6 komodo dragons
  3 cane toads
  A rime drake (Lair:1)
  4 trolls (D:10)
  A hornet (D:10)
  5 blink frogs (Lair:2)
  Sigmund (D:5)
  46 yaks
  3 wraiths
  2 wyverns
  3 basilisks
  4 vampire mosquitoes
  Menkaure (D:5)
  11 water moccasins
  Duvessa (D:4)
  A sky beast (D:8)
  2 ice beasts
  5 orc warriors
  2 black bears
  An ogre (D:4)
  A necrophage (D:7)
  5 wolves (Lair:2)
  3 centaurs
  4 lemures (D:5)
  2 phantoms
  4 kobold brigands
  3 gnoll sergeants
  6 bullfrogs
  2 scorpions (D:6)
  Dowan (D:4)
  13 wights
  6 killer bees (D:8)
  4 howler monkeys
  4 crimson imps (D:9)
  10 centaur zombies
  A jelly (D:5)
  8 orc priests
  A gnoll shaman (D:7)
  4 hounds
  A centaur skeleton (D:5)
  A bullfrog skeleton (D:5)
  5 iguanas
  13 orc wizards
  6 hell rats (Lair:1)
  2 killer bee zombies
  2 hound zombies (D:5)
  A mummy (Ossuary)
  18 gnolls
  A howler monkey skeleton (D:5)
  10 adders
  9 river rats (Lair:1)
  A shadow imp (D:5)
  A white imp (D:5)
  An ufetubus (D:5)
  2 adder skeletons
  2 worms (D:4)
  2 dart slugs
  26 orcs
  10 endoplasms
  2 giant cockroaches
  5 goblins
  6 hobgoblins
  2 jackals (D:1)
  8 quokkas
  7 ball pythons
  5 bats
  2 frilled lizards
  5 gnoll skeletons (Ossuary)
  8 kobolds
  6 kobold skeletons (Ossuary)
  14 orc skeletons (Ossuary)
  7 rats
392 creatures vanquished.

Vanquished Creatures (others)
  A centaur zombie (D:10)
  An orc wizard (D:7)
  A kobold (D:7)
  13 fungi
  29 plants
45 creatures vanquished.

Grand Total: 437 creatures vanquished

Notes
Turn   | Place    | Note
-------+----------+-------------------------------------------
     0 | D:1      | tilp the Felid Ice Elementalist began the quest for the
                  | Orb.
     0 | D:1      | Reached XP level 1. HP: 7/7 MP: 4/4
    59 | D:1      | Reached skill level 1 in Unarmed Combat
   311 | D:1      | Reached XP level 2. HP: 11/11 MP: 3/6
   839 | D:1      | Found a faded altar of an unknown god.
  1089 | D:2      | Reached XP level 3. HP: 2/14 MP: 4/7
  1383 | D:2      | Learned a level 3 spell: Frozen Ramparts
  1602 | D:2      | Found a shimmering altar of Xom.
  2120 | D:2      | Reached XP level 4. HP: 18/18 MP: 5/8
  2200 | D:2      | Learned a level 3 spell: Ozocubu's Armour
  2401 | D:3      | Found a white marble altar of Elyvilon.
  2538 | D:3      | Found a basalt altar of Yredelemnul.
  2539 | D:3      | Noticed a black bear
  2773 | D:3      | Found a broken altar of Ashenzari.
  3246 | D:3      | Killed a black bear
  3247 | D:3      | Reached skill level 5 in Ice Magic
  3247 | D:3      | Reached XP level 5. HP: 21/21 MP: 0/10
  3483 | D:3      | Gained mutation: You are covered in thick fur. (AC +2)
                  | [Felid growth]
  3483 | D:3      | Reached XP level 6. HP: 8/24 MP: 0/12
  3954 | D:4      | Noticed a steam dragon
  4188 | D:4      | Noticed Duvessa
  4188 | D:4      | Noticed Dowan
  4208 | D:4      | Killed Duvessa
  4209 | D:4      | Reached XP level 7. HP: 27/28 MP: 2/14
  4214 | D:4      | Killed Dowan
  4215 | D:4      | Reached skill level 1 in Fighting
  4474 | D:4      | Found an iron altar of Okawaru.
  4507 | D:4      | Found a blossoming altar of Fedhas.
  5010 | D:4      | Learned a level 4 spell: Hailstorm
  5011 | D:5      | Entered Level 5 of the Dungeon
  5068 | D:5      | Noticed Sigmund
  5076 | D:5      | Found Idoafem's Antique Armour Shoppe.
  5078 | D:5      | Found Lufoen's Antique Weapon Shoppe.
  5079 | D:5      | Found Raug Dum's General Store.
  5080 | D:5      | Found Gem Vunt's Assorted Antiques.
  5087 | D:5      | Bought a scroll labelled BIF PULILEUGIRCH for 24 gold
                  | pieces
  5087 | D:5      | Bought a bubbling silvery potion for 21 gold pieces
  5087 | D:5      | Bought a scroll of magic mapping for 84 gold pieces
  5263 | D:5      | Noticed Pikel
  5486 | D:5      | Bought a potion of heal wounds for 60 gold pieces
  5504 | D:5      | Noticed Menkaure
  5749 | D:5      | Killed Pikel
  5750 | D:5      | Reached XP level 8. HP: 33/33 MP: 2/15
  5994 | D:5      | Found a shimmering blue altar of Sif Muna.
  6255 | D:5      | Found an ornate altar of the Wu Jian Council.
  7344 | D:5      | Reached skill level 5 in Spellcasting
  7880 | D:6      | Found a staircase to the Ecumenical Temple.
  7891 | D:6      | Reached XP level 9. HP: 36/36 MP: 10/17
  7988 | Temple   | Entered the Ecumenical Temple
  8062 | Temple   | Became a worshipper of Ru the Awakened
  8127 | D:6      | Found a sparkling altar of Nemelex Xobeh.
  8143 | D:6      | Reached skill level 5 in Conjurations
  8692 | D:6      | Found a snail-covered altar of Cheibriados.
  9092 | D:7      | Found a sand-covered staircase.
  9099 | Ossuary  | Entered an ossuary
  9546 | Ossuary  | Gained mutation: You cannot study or use magical devices.
                  | [Ru sacrifice]
  9546 | Ossuary  | Reached * piety under Ru
  9546 | Ossuary  | Reached ** piety under Ru
 10781 | D:7      | Found a glowing golden altar of the Shining One.
 10841 | D:7      | Reached XP level 10. HP: 39/40 MP: 14/20
 10881 | D:7      | Found an ancient bone altar of Kikubaaqudgha.
 11174 | D:8      | Noticed Erica
 11369 | D:8      | Killed Erica
 11457 | D:8      | Noticed a cyclops
 11868 | D:8      | Reached skill level 5 in Unarmed Combat
 12242 | D:8      | Noticed Harold
 12350 | D:8      | Reached skill level 5 in Dodging
 12526 | D:8      | Noticed Joseph
 13041 | D:7      | Identified a scroll of acquirement
 13041 | D:7      | Acquired 1305 gold pieces
 13254 | D:9      | Found a shimmering altar of Xom.
 13316 | D:9      | Noticed a two-headed ogre
 13860 | D:10     | Entered Level 10 of the Dungeon
 13860 | D:10     | Found a staircase to the Lair.
 14635 | D:10     | Reached XP level 11. HP: 44/46 MP: 1/21
 14920 | D:10     | Found a radiant altar of Vehumet.
 15248 | D:10     | Killed from afar by a manticore
 15249 | D:10     | Reached XP level 10. HP: -5/42 MP: 9/20
 15408 | D:10     | Noticed a six-headed hydra
 15425 | D:10     | Killed a six-headed hydra
 15572 | D:10     | Noticed a wizard
 15578 | D:10     | Killed a wizard
 16102 | D:10     | Reached XP level 11. HP: 33/46 MP: 8/21
 16321 | D:10     | Noticed a two-headed ogre
 16321 | D:10     | a manticore changed into a two-headed ogre
 16322 | D:10     | Killed a two-headed ogre
 16751 | D:11     | Reached skill level 10 in Conjurations
 16751 | D:11     | Reached skill level 10 in Ice Magic
 16962 | D:11     | Found a staircase to the Orcish Mines.
 16964 | D:11     | Found Xaatraun's Weapon Shop.
 16986 | D:11     | Noticed Gastronok
 17123 | D:11     | Learned a level 3 spell: Conjure Flame
 17142 | D:11     | Noticed a two-headed ogre
 17145 | D:11     | Killed a two-headed ogre
 17765 | D:5      | Killed Menkaure
 17817 | D:5      | Killed Sigmund
 17818 | D:5      | Reached skill level 5 in Fighting
 17927 | D:5      | Bought a scroll of identify for 24 gold pieces
 17927 | D:5      | Bought a scroll of identify for 24 gold pieces
 18009 | Lair:1   | Entered Level 1 of the Lair of Beasts
 18398 | Lair:1   | Noticed Fannar
 18449 | Lair:1   | Noticed a six-headed hydra
 18459 | Lair:1   | Killed a six-headed hydra
 18682 | Lair:1   | Reached skill level 1 in Fire Magic
 18687 | Lair:1   | Noticed Maggie
 18692 | Lair:1   | Killed Maggie
 18693 | Lair:1   | Gained mutation: Your thick and shaggy fur keeps you warm.
                  | (AC +3, rC+) [Felid growth]
 18693 | Lair:1   | Reached XP level 12. HP: 21/52 MP: 3/22
 19007 | Lair:1   | Noticed Nergalle
 19767 | Lair:1   | Killed Nergalle
 20374 | Lair:2   | Noticed a four-headed hydra
 20383 | Lair:2   | Killed a four-headed hydra
 20887 | Lair:2   | Gained mutation: You are frail. (-10% HP) [Ru sacrifice]
 20887 | Lair:2   | Reached *** piety under Ru
 20887 | Lair:2   | Reached **** piety under Ru
 20934 | Lair:2   | Noticed a six-headed hydra
 20944 | Lair:2   | Killed a six-headed hydra
 20944 | Lair:2   | Slain by a black mamba
 20945 | Lair:2   | Reached XP level 11. HP: -5/43 MP: 2/23
 21771 | Lair:3   | Reached XP level 12. HP: 27/46 MP: 10/25
 21879 | Lair:3   | Noticed a six-headed hydra
 21895 | Lair:3   | HP: 2/43 [six-headed hydra (11)]
 21896 | Lair:3   | Mangled by a six-headed hydra
 21897 | Lair:3   | Reached XP level 11. HP: -9/40 MP: 19/24
 21897 | Lair:3   | Quit the game

Illustrated notes

Levels and vault maps discovered:
D:1:      nagdon_arrival_zigzag_paths, layout_rooms, basic_ecumenical_altar
D:2:      layout_rooms, serial_glass, glass_columns_a, glass_columns_b,
          glass_columns_c, glass_columns_a, basic_altar,
          chequers_serial_rivers_small_3, st_stairs_14, minmay_hedge_maze
D:3:      layout_basic, evilmike_ruin_ashenzari,
          mainiacjoe_overflow_cross_hatched, mainiacjoe_overflow_small_starburst
D:4:      layout_rooms, fedhas_altar_1, okawaru_metal_pillars_3,
          chequers_serial_rivers_micro_a, uniq_duvessa
D:5:      layout_loops_cross, nicolae_wu_jian_immortal_techniques,
          nicolae_sif_muna_little_library, minmay_misc_feat_alley,
          minmay_shop_grid_forest, nzn_random_ring, uniq_sigmund, uniq_pikel,
          uniq_menkaure
D:6:      layout_loops_ring, kennysheep_mini, old_standard_altar,
          minmay_temple_entry_statues_fountains
D:7:      layout_loops_ring, tso_oasis_becter, marbit_many_paths,
          enter_ossuary_1
D:8:      layout_loops_ring, uniq_joseph, uniq_erica, uniq_harold
D:9:      layout_cave_pods, led_xom_imps
D:10:     cheibrodos_ideogram_h, layout_long_grid, vehumet_crystals,
          lair_entry_dummy, kennysheep_cross_room
D:11:     layout_roguey, orc_0_dummy, serial_shops,
          nicolae_shop_bloodbath_and_beyond, uniq_gastronok
Temple:   dpeg_three_leaves_temple
Lair:1:   layout_chaotic_city, kennysheep_abandoned_house,
          infiniplex_staircase_pool_2, uniq_maggie, uniq_nergalle, uniq_fannar
Lair:2:   layout_regular_city
Lair:3:   layout_roguey, spider_nest_entry_a, serial_bayou_shore_a,
          serial_bayou_shore_b, serial_bayou_shore_b, infiniplex_staircase_pool

Skill      XL: |  1  2  3  4  5  6  7  8  9 10 11 12 |
---------------+-------------------------------------+-----
Unarmed Combat | 1 2 4 6 8 |  8.0
Ice Magic      | 4 5 6 8 9 10 11 | 11.2
Spellcasting   | 3 4 5 6 8 7 |  8.0
Dodging        | 3 4 6 8 |  8.0
Stealth        | 3 6 8 |  8.0
Fighting       | 2 4 6 |  6.0
Conjurations   | 2 4 7 9 10 11 | 11.2
Fire Magic     | 1 2 |  2.0

Action                   |  1- 3 |  4- 6 |  7- 9 | 10-12 || total
-------------------------+-------+-------+-------+-------++-------
Melee: Unarmed           |    16 |    13 |   223 |   346 ||   598
       Punch             |     1 |       |     4 |    16 ||    21
       Bite              |       |     2 |    23 |    36 ||    61
 Cast: Freeze            |    54 |    36 |    71 |    60 ||   221
       Frozen Ramparts   |     2 |    15 |    36 |    62 ||   115
       Ozocubu's Armour  |       |     6 |    41 |    61 ||   108
       Hailstorm         |       |       |    16 |   101 ||   117
Invok: Sacrifice Artific |       |       |     1 |       ||     1
       Reject Sacrifices |       |       |       |     1 ||     1
       Power Leap        |       |       |       |     2 ||     2
       Draw Out Power    |       |       |       |     1 ||     1
       Sacrifice Health  |       |       |       |     1 ||     1
  Use: Scroll            |     2 |     4 |    13 |     8 ||    27
       Potion            |       |       |     3 |     4 ||     7
 Stab: Sleeping          |     3 |     2 |    13 |    13 ||    31
       Distracted        |     1 |       |       |     2 ||     3
       Invisible         |       |       |       |     1 ||     1
Armor: Skin              |     1 |     6 |    45 |   111 ||   163
Dodge: Dodged            |    40 |    28 |   191 |   396 ||   655

Table legend: (Time is in decaauts)
 A = Elapsed time spent in this place.
 B = Non-inter-level travel time spent in this place.
 C = Inter-level travel time spent in this place.
 D = Time resting spent in this place.
 E = Time spent auto-exploring this place.
 F = Levels seen in this place.
 G = Mean time per level.
                   A        B        C        D        E       F      G
               +--------+--------+--------+--------+--------+-----+--------+
         Total |  19939 |  19073 |    866 |   5380 |  10317 |  16 | 1246.2 |
       Dungeon |  16031 |  15245 |    786 |   4886 |   8047 |  11 | 1457.4 |
        Temple |     67 |     61 |      6 |      0 |     46 |   1 |   67.0 |
          Lair |   3292 |   3218 |     74 |    304 |   2108 |   3 | 1097.3 |
       Ossuary |    548 |    548 |      0 |    189 |    114 |   1 |  548.0 |
               +--------+--------+--------+--------+--------+-----+--------+

Top non-repeatable levels by time:
    D:10: 2510 daAuts
     D:5: 2439 daAuts
  Lair:1: 1909 daAuts
     D:8: 1730 daAuts
     D:3: 1654 daAuts
     D:7: 1490 daAuts
     D:4: 1286 daAuts
  Lair:2: 1139 daAuts
     D:9: 1098 daAuts
     D:2: 1056 daAuts
     D:1: 1005 daAuts
     D:6: 939 daAuts
    D:11: 819 daAuts
 Ossuary: 548 daAuts
  Lair:3: 243 daAuts
